 Dungeon Crawl Stone Soup version 0.27-a0-808-g60bc5d92e6 (webtiles) character file.

Game seed: 13376258584059638698

7032 funkygono the Thaumaturge (level 11, -9/67 HPs)
             Began as a Djinni Earth Elementalist on Mar 28, 2021.
             Was a Priest of Cheibriados.
             Shot with a sling bullet by Joseph (12 damage)
             ... on level 10 of the Dungeon.
             The game lasted 00:27:53 (12442 turns).

funkygono the Thaumaturge (DjEE)                   Turns: 12442, Time: 00:27:54

Health: -9/67      AC: 14    Str: 14    XL:     11   Next: 8%
Gold:   599        EV: 13    Int: 27    God:    Cheibriados [***...] SH:  0 Dex: 21

rFire    + + .     SeeInvis .   E - +4 scimitar
rCold    . . .     Faith    +   (no shield)
rNeg     . . .     Spirit   .   K - +4 scale mail
rPois    ∞         Reflect  .   r - +0 helmet
rElec    .         Harm     .   g - +0 cloak
rCorr    .         Rampage  .   j - +1 pair of gloves
Will     ++...                  (boots unavailable)
Stlth    +.........             f - amulet of faith
HPRegen  0.21/turn              t - ring of willpower
MPRegen  0.00/turn              z - ring of protection from cold

@: flying, studying Dodging, very slow
A: fire resistance 2, cold vulnerability 1, float, innate caster, hp casting,
extra vitality 1
a: Renounce Religion, Bend Time, Temporal Distortion


You were on level 10 of the Dungeon.
You worshipped Cheibriados.
Cheibriados was most pleased with you.
You visited 2 branches of the dungeon, and saw 11 of its levels.
You also visited: Ossuary.

You collected 599 gold pieces.

Inventory:

Hand Weapons
 l - a +4 vorpal dagger
 n - a +3 dagger of draining
 E - a +4 scimitar (weapon)
Missiles
 b - 125 stones
Armour
 c - the +2 plate armour of Tusaf {Dex+4}
   (You took it off an orc warrior on level 9 of the Dungeon)

   It affects your dexterity (+4).
 g - a +0 cloak (worn)
 j - a +1 pair of gloves (worn)
 r - a +0 helmet (worn)
 A - a scarf of resistance
 C - a +1 robe of willpower
 H - a +2 crystal plate armour
 I - the -6 cloak of the Eternal Void {rC+++ Will+ rCorr Dex-5}
   (You found it on level 9 of the Dungeon)

   It affects your dexterity (-5).
   It renders you almost immune to cold.
   It affects your willpower, your defense against some magical effects.
   It provides partial protection from all sources of acid and corrosion.
 K - a +4 scale mail (worn)
Magical Staves
 v - a staff of cold
Jewellery
 f - an amulet of faith (around neck)
 t - a ring of willpower (left hand)
 z - a ring of protection from cold (right hand)
 G - a ring of see invisible
Wands
 q - a wand of iceblast (10)
 s - a wand of mindburst (21)
 w - a wand of charming (7)
 y - a wand of flame (14)
Scrolls
 d - 4 scrolls of teleportation
 h - 2 scrolls of blinking
 i - a scroll of magic mapping
 o - a scroll of silence
 B - a scroll of fog
 J - a scroll of identify
Potions
 a - 3 potions of brilliance
 e - a potion of curing
 k - 3 potions of cancellation
 m - 3 potions of lignification
 p - 3 potions of invisibility
 u - 3 potions of heal wounds
 x - 2 potions of mutation {unknown}
 D - a potion of resistance {unknown}
 F - 2 potions of ambrosia {unknown}


   Skills:
 + Level 1.6 Fighting
 + Level 0.3 Short Blades
 + Level 0.2 Armour
 * Level 6.8 Dodging
 - Level 1.5 Stealth
 * Level 13.0 Spellcasting
 * Level 2.8 Invocations


You had 7 spell levels left.
You knew the following spells:

 Your Spells              Type           Power      Damage    Failure   Level
a - Sandblast             Erth           100%       2d20      1%          1
b - Passwall              Tmut/Erth      60%        N/A       1%          2
c - Stone Arrow           Conj/Erth      100%       3d13      1%          3
d - Petrify               Tmut/Erth      73%        N/A       1%          4
e - Lee's Rapid Deconstr  Erth           36%        3d19*     1%          5
f - Animate Skeleton      Necr           100%       N/A       1%          1
g - Poisonous Vapours     Pois/Air       100%       N/A       1%          2
h - Conjure Flame         Conj/Fire      73%        6-21      1%          3
i - Gell's Gravitas       Tloc           36%        N/A       1%          3
j - Summon Forest         Summ/Tloc      36%        N/A       1%          5
Your spell library was empty.

Dungeon Overview and Level Annotations

Branches:
Dungeon (10/15)            Temple (1/1) D:4         Ossuary (visited)
   Lair: D:8-11         Orc: D:9-12

Altars:
Ashenzari
Cheibriados
Dithmenos
Elyvilon
Fedhas
Gozag
Hepliaklqana
Kikubaaqudgha
Makhleb
Nemelex Xobeh
Okawaru
Qazlal
Ru
Sif Muna
Trog
Uskayaw
Vehumet
Wu Jian
Xom
Yredelemnul
Zin
The Shining One
Beogh

Shops:
D:3 ?   D:4 =   D:10 *

Annotations:
D:4 1 runed translucent door, diceflayer's ghost, amateur FoFi
D:10 Joseph


Innate Abilities, Weirdness & Mutations

You are immune to poison.
Your flesh is very heat resistant. (rF++)
You are vulnerable to cold. (rC-)
You float through the air rather than walking.
You learn spells naturally, not from books.
Your magical power is your life essence.
You have superior vitality. (+4 HP)


Message History

Joseph, a Mercenary comes into view.
He is wielding a +0 quarterstaff.
Joseph unwields a +0 quarterstaff.
Joseph wields a +0 hunting sling.
Joseph shoots a sling bullet.
The sling bullet hits you!
Casting: Poisonous Vapours (safe; 1% risk of failure)
Confirm with . or Enter, or press ? or * to list all spells.
Aiming: Poisonous Vapours (safe; 1% risk of failure)
Press: ? - help, Dir - move target, f - Joseph
Aim: Joseph, wielding a +0 hunting sling, wearing a +0 leather armour and quivering sling bullets Poisonous vapours surround Joseph!
Joseph is engulfed in poison gas.
Joseph is poisoned.
Unknown command.
Casting: Poisonous Vapours (safe; 1% risk of failure)
Confirm with . or Enter, or press ? or * to list all spells.
The fire begins to smolder!
Joseph shoots a sling bullet.
The sling bullet barely misses you.
The fire ignites!
Unknown command.
Casting: Conjure Flame (safe; 1% risk of failure)
Confirm with . or Enter, or press ? or * to list all spells.
The fire begins to smolder!
Joseph looks more healthy.
Joseph shoots a sling bullet.
The sling bullet hits you.
Joseph shoots a sling bullet.
The sling bullet hits you!!
Joseph shoots a sling bullet.
The sling bullet hits you!
* * * LOW HITPOINT WARNING * * *
The fire ignites!
Casting: Conjure Flame (safe; 1% risk of failure)
Confirm with . or Enter, or press ? or * to list all spells.
Aiming: Poisonous Vapours (safe; 1% risk of failure)
Press: ? - help, Dir - move target, f/p - Joseph
Aim: Joseph, wielding a +0 hunting sling, wearing a +0 leather armour and quivering sling bullets (moderately wounded) Poisonous vapours surround Joseph!
* * * LOW HITPOINT WARNING * * *
Joseph is engulfed in poison gas.
Joseph is poisoned.
Joseph shoots a sling bullet.
The sling bullet barely misses you.
Joseph is engulfed in poison gas.
Joseph looks even sicker.
Joseph shoots a sling bullet.
The sling bullet hits you.
* * * LOW HITPOINT WARNING * * *
Joseph is engulfed in poison gas.
Joseph looks even sicker.
Joseph shoots a sling bullet.
The sling bullet hits you!
You die...

############
..........>#
#######.##@#
#.##.#
#.##.#
#.##§#
#.##.#
#.##.#
#.##§#
#.##.@....@.
#.##########


You could see Joseph (very poisoned).

Vanquished Creatures
  The ghost of Gonzollydolly the Archer, a novice DEAM of Fedhas (D:9)
  The ghost of PeterLawrence the Fighter, a novice MiFi (D:7)
  2 kobold demonologists (D:10)
  3 yaks (D:9)
  3 wyverns
  4 vampire mosquitoes (D:10)
  An acid dragon (D:10)
  2 water moccasins
  A warg (D:9)
  5 orc warriors
  An ice beast (D:6)
  2 ogres
  5 centaurs
  A kobold brigand (D:10)
  An elf zombie (Ossuary)
  3 bullfrogs (D:7)
  2 water moccasin zombies (D:5)
  A scorpion (D:5)
  12 killer bees
  A water moccasin skeleton (D:4)
  6 wights (D:9)
  3 centaur zombies
  A bullfrog zombie (D:6)
  2 hounds (D:5)
  2 gnoll shamans
  A human zombie (Ossuary)
  4 orc priests
  2 bullfrog skeletons
  An iguana (D:6)
  5 orc wizards
  2 killer bee zombies
  A hound zombie (Ossuary)
  2 howler monkey zombies
  4 mummies (Ossuary)
  10 gnolls
  6 adders
  A white imp (D:7)
  An ufetubus (D:7)
  An adder zombie (D:5)
  An adder skeleton (D:5)
  2 dart slugs (D:2)
  33 orcs
  10 ball pythons
  7 endoplasms
  A giant cockroach (D:1)
  6 goblins
  4 hobgoblins
  11 jackals
  9 kobolds
  4 quokkas (D:1)
  6 bats
  A frilled lizard (D:3)
  A gnoll zombie (Ossuary)
  4 goblin zombies (Ossuary)
  A jackal zombie (Ossuary)
  A kobold zombie (Ossuary)
  2 orc zombies (Ossuary)
  3 rats
214 creatures vanquished.

Notes
Turn   | Place    | Note
-------+----------+-------------------------------------------
     0 | D:1      | funkygono the Djinni Earth Elementalist began the quest for
                  | the Orb.
     0 | D:1      | Reached XP level 1. HP: 15/15 MP: 0/0
   198 | D:1      | Reached skill level 3 in Spellcasting
   253 | D:1      | Reached XP level 2. HP: 16/21 MP: 0/0
   776 | D:1      | Reached XP level 3. HP: 23/25 MP: 0/0
   776 | D:1      | Learned a level 1 spell: Animate Skeleton
  1426 | D:2      | Reached skill level 4 in Spellcasting
  1426 | D:2      | Reached XP level 4. HP: 16/31 MP: 0/0
  2553 | D:3      | Found Peach's Magic Scroll Shoppe.
  2598 | D:3      | Reached XP level 5. HP: 33/35 MP: 0/0
  2598 | D:3      | Learned a level 2 spell: Poisonous Vapours
  3564 | D:4      | Noticed an ogre
  3568 | D:4      | Killed an ogre
  3569 | D:4      | Reached skill level 5 in Spellcasting
  3569 | D:4      | Reached XP level 6. HP: 31/40 MP: 0/0
  3955 | D:4      | Found Daikaet's Jewellery Shoppe.
  3964 | D:4      | Found a staircase to the Ecumenical Temple.
  3975 | Temple   | Entered the Ecumenical Temple
  4295 | D:4      | Found a runed translucent door.
  4295 | D:4      | Noticed diceflayer's ghost (amateur FoFi)
  4329 | D:5      | Entered Level 5 of the Dungeon
  4333 | D:5      | Reached skill level 6 in Spellcasting
  4744 | D:5      | Reached XP level 7. HP: 37/45 MP: 0/0
  4744 | D:5      | Learned a level 3 spell: Conjure Flame
  5025 | D:5      | Reached skill level 7 in Spellcasting
  5344 | D:6      | Identified the +5 short sword "Lopefuiq" {venom, rF+ Str+3
                  | Int-2}
  5503 | D:6      | Reached XP level 8. HP: 19/50 MP: 0/0
  5783 | D:6      | Reached skill level 8 in Spellcasting
  6607 | D:6      | Identified a scroll of acquirement
  6607 | D:6      | Acquired a manual of Dodging
  6759 | D:7      | Reached skill level 9 in Spellcasting
  7359 | D:7      | Found a bloodstained altar of Trog.
  7381 | D:7      | Reached XP level 9. HP: 48/55 MP: 0/0
  7381 | D:7      | Learned a level 3 spell: Gell's Gravitas
  7385 | D:7      | Reached skill level 10 in Spellcasting
  7634 | D:7      | Found a snail-covered altar of Cheibriados.
  7686 | D:7      | Became a worshipper of Cheibriados the Contemplative
  7868 | D:7      | Found a runed translucent door.
  7869 | D:7      | Noticed PeterLawrence's ghost (novice MiFi)
  7882 | D:7      | Killed PeterLawrence's ghost
  8561 | D:8      | Found a sand-covered staircase.
  8628 | D:8      | Reached skill level 11 in Spellcasting
  8646 | Ossuary  | Entered an ossuary
  9262 | D:8      | Reached skill level 1 in Invocations
  9263 | D:8      | Reached * piety under Cheibriados
  9609 | D:8      | Reached XP level 10. HP: 30/61 MP: 0/0
 10426 | D:9      | Found a runed translucent gate.
 10426 | D:9      | Noticed Gonzollydolly's ghost (novice DEAM)
 10427 | D:9      | Found a runed translucent gate.
 10428 | D:9      | Found a runed translucent gate.
 10431 | D:9      | Identified the +2 plate armour of Tusaf {Dex+4}
 10479 | D:9      | Reached skill level 5 in Dodging
 10703 | D:9      | Reached skill level 12 in Spellcasting
 10933 | D:9      | Reached ** piety under Cheibriados
 11671 | D:9      | Killed Gonzollydolly's ghost
 11672 | D:9      | Reached skill level 1 in Fighting
 11861 | D:9      | Identified the -6 cloak of the Eternal Void {rC+++ Will+
                  | rCorr Dex-5}
 11911 | D:10     | Entered Level 10 of the Dungeon
 12001 | D:10     | Found Usiochuukh's Assorted Antiques.
 12059 | D:10     | Reached *** piety under Cheibriados
 12063 | D:10     | Reached XP level 11. HP: 31/67 MP: 0/0
 12063 | D:10     | Learned a level 5 spell: Summon Forest
 12303 | D:10     | Reached skill level 13 in Spellcasting
 12432 | D:10     | Noticed Joseph
 12441 | D:10     | HP: 2/67 [Joseph/sling bullet (6)]
 12442 | D:10     | Shot with a sling bullet by Joseph

Illustrated notes

Levels and vault maps discovered:
D:1:      minmay_arrival_floating_metal, layout_basic
D:2:      layout_basic, minmay_misc_feat_more_columns
D:3:      layout_rooms, serial_shops, shop
D:4:      layout_basic, temple_fountains, gammafunk_ghost_grave, serial_shops,
          shop
D:5:      layout_rooms, due_unseen_surprise
D:6:      layout_loops_corners, eino_small_chamber_without_monster
D:7:      layout_rooms, marbit_many_paths, ebering_ghost_reflecting_pool,
          basic_altar
D:8:      layout_basic, nicolae_ossuary_entry_false_entrances, minmay_orc_keep
D:9:      layout_loops_ring, biasface_ghost_orc_armoury,
          kennysheep_cluttered_room
D:10:     layout_basic, nicolae_trove_entry_columns, serial_shops,
          nicolae_shop_overgrown_old_shop, uniq_joseph
Temple:   kilobyte_greek_temple

Skill      XL: |  1  2  3  4  5  6  7  8  9 10 11 |
---------------+----------------------------------+-----
Spellcasting   | 3 4 5 6 7 9 11 12 13 | 13.0
Dodging        | 4 6 |  6.8
Invocations    | 1 2 |  2.8
Fighting       | 1 |  1.6
Short Blades   | |  0.3
Armour         | |  0.2
Stealth        | |  1.5

Action                   |  1- 3 |  4- 6 |  7- 9 | 10-12 || total
-------------------------+-------+-------+-------+-------++-------
Melee: Dagger            |       |     2 |     3 |       ||     5
 Cast: Sandblast         |    44 |    49 |    95 |    47 ||   235
       Passwall          |     1 |       |       |       ||     1
       Animate Skeleton  |       |     1 |       |       ||     1
       Poisonous Vapours |       |    31 |    41 |    21 ||    93
       Stone Arrow       |       |    11 |    21 |     6 ||    38
       Lee's Rapid Decon |       |       |     6 |     8 ||    14
       Conjure Flame     |       |       |     3 |     7 ||    10
       Petrify           |       |       |       |     1 ||     1
       Gell's Gravitas   |       |       |       |     2 ||     2
Invok: Bend Time         |       |       |     2 |       ||     2
  Use: Scroll            |     2 |     4 |    16 |     6 ||    28
       Potion            |       |       |     3 |       ||     3
Armor: Robe              |     4 |     7 |    33 |     3 ||    47
       Scale mail        |       |       |       |     2 ||     2
Dodge: Dodged            |    13 |     6 |    83 |    30 ||   132
       Rpst.: Scimitar   |       |       |       |     2 ||     2

Table legend: (Time is in decaauts)
 A = Elapsed time spent in this place.
 B = Non-inter-level travel time spent in this place.
 C = Inter-level travel time spent in this place.
 D = Time resting spent in this place.
 E = Time spent auto-exploring this place.
 F = Levels seen in this place.
 G = Mean time per level.
                   A        B        C        D        E       F      G
               +--------+--------+--------+--------+--------+-----+--------+
         Total |  13316 |  13005 |    311 |    798 |  10647 |  12 | 1109.7 |
       Dungeon |  12705 |  12427 |    278 |    798 |  10205 |  10 | 1270.5 |
        Temple |    144 |    112 |     32 |      0 |     46 |   1 |  144.0 |
       Ossuary |    465 |    465 |      0 |      0 |    395 |   1 |  465.0 |
               +--------+--------+--------+--------+--------+-----+--------+

Top non-repeatable levels by time:
     D:8: 1997 daAuts
     D:9: 1974 daAuts
     D:7: 1563 daAuts
     D:1: 1409 daAuts
     D:5: 1202 daAuts
     D:6: 1107 daAuts
     D:4: 988 daAuts
     D:2: 984 daAuts
     D:3: 800 daAuts
    D:10: 676 daAuts
 Ossuary: 465 daAuts
  Temple: 144 daAuts
